cohdb
Replays
Latest Replays
All Replays
Popular Replays
Top Player Replays
Match Explorer
How It Works
Community
CoH3 Stats
Reddit
Sign in to upload your games and track your stats! →
Sign in with Steam
Match 41631407
Unlisted
Match 41631407
Overview
Messages
Build Orders
End
Construct Section Command Post
Infantry Section
Selects Indian Artillery Battlegroup
Infantry Section
Infantry Section
Royal Engineer Section
Construct Platoon Command Post
CMP 15cwt Truck
6-pounder Anti-tank Gun Team
Selects War Cry
Selects Artillery Saturation
Infantry Training
Construct Company Command Post
Matilda II Heavy Tank
Unlock M3 Grant Medium Tanks
Infantry Section
M3 Grant Medium Tank
Selects Valour
Selects Gurkha Rifles Section
Selects Volunteer Infantry
Selects Artillery Saturation
Royal Engineer Section
CMP 15cwt Truck
Selects Off-map Airburst Barrage
M3 Grant Medium Tank
M3 Grant Medium Tank
Selects Off-map Airburst Barrage
Infantry Section
CMP 15cwt Truck
Hugh G Wrecktion
Onisox
BERKSHIRE10
Mo-J
「𝓞𝓓𝓢𝓣」剑钟仙
sumikadaisuki
h4sjohnson
김문상
0
0
Comments
sign in to comment!
No comments posted yet!